New Jersey Devils vs Washington Capitals

Created - vendredi 30 novembre 2018 at 19:00

Goals
1 2 3 T
New Jersey Devils 0 1 2 3
Washington Capitals 0 0 0 0
Shots
1 2 3 T
New Jersey Devils 17 5 9 31
Washington Capitals 7 5 11 23

1st period

No Goal

Penalties :
T.J. Oshie (WSH) for Interference (Minor) at 10:33

2nd period

1. New Jersey Devils , Adam Henrique 3 (Brian Gibbons 4) at 3:21

Penalties :
Jakub Vrana (WSH) for Interference (Minor) at 1:03, Nicklas Backstrom (WSH) for Hooking (Minor) at 7:59, Madison Bowey (WSH) for Holding (Minor) at 13:03, Jay Beagle (WSH) for Roughing (Minor) at 17:31

3rd period

2. New Jersey Devils , Nico Hischier 8 (Jesper Bratt 11, Ben Lovejoy 1) at 0:32
3. New Jersey Devils , Ben Lovejoy 1 (Rick Nash 14) at 16:50

Penalties :
No Penalty

Goalie Stats

Cory Schneider (NJD), 23 saves from 23 shots - (1.000), W, 11-8-1, 60:00 minutes
Braden Holtby (WSH), 28 saves from 31 shots - (0.903), L, 7-9-4, 60:00 minutes

Players Stats for New Jersey Devils

Player Name              G  A  P  +/- PIM S  H  SB GA TA FO     MP     PP MP  PK MP  
------------------------------------------------------------------------------------
Adam Henrique            1  0  1   1  0   6  2  0  0  0  10/18  15:41   0:50   0:00 
Andy Greene              0  0  0   1  0   0  0  0  0  4  0/0    17:36   0:05   0:00 
Ben Lovejoy              1  1  2   2  0   3  1  0  0  1  0/0    18:32   0:05   0:00 
Benoit Pouliot           0  0  0   0  0   0  2  1  0  1  0/1    10:41   0:33   0:00 
Blake Coleman            0  0  0   1  0   2  4  1  0  0  6/16   15:01   0:33   0:00 
Brian Boyle              0  0  0   0  0   1  4  0  0  0  3/7    13:47   3:43   0:00 
Brian Gibbons            0  1  1   1  0   3  1  0  1  0  0/1    14:31   0:00   0:00 
Jesper Bratt             0  1  1   1  0   2  2  0  1  2  0/0    15:23   3:54   0:00 
Joakim Nordstrom         0  0  0   1  0   1  1  0  1  1  1/1    14:11   0:00   0:00 
John Moore               0  0  0   0  0   0  0  5  0  1  0/0    15:17   0:00   0:00 
Kyle Palmieri            0  0  0   1  0   3  3  0  1  1  1/2    19:55   5:28   0:00 
Marcus Johansson         0  0  0   0  0   1  1  0  0  0  1/1    14:00   4:04   0:00 
Miles Wood               0  0  0   1  0   0  5  0  1  0  0/0    15:23   3:54   0:00 
Nico Hischier            1  0  1   1  0   5  0  0  2  1  7/17   16:31   5:01   0:00 
Rick Nash                0  1  1   1  0   3  1  1  0  0  0/1    19:55   5:28   0:00 
Ryan Pulock              0  0  0   0  0   0  1  1  1  1  0/0    21:27   6:07   0:00 
Samuel Girard            0  0  0   2  0   0  0  1  0  0  0/0    23:08   6:07   0:00 
Steven Santini           0  0  0   1  0   1  4  3  0  1  0/0    19:01   3:43   0:00 

Players Stats for Washington Capitals

Player Name              G  A  P  +/- PIM S  H  SB GA TA FO     MP     PP MP  PK MP  
------------------------------------------------------------------------------------
Alex Ovechkin            0  0  0  -1  0   4  2  0  1  0  1/4    15:56   0:00   1:13 
Brett Connolly           0  0  0  -1  0   1  2  0  0  0  0/0    11:58   0:00   0:22 
Chandler Stephenson      0  0  0  -1  0   1  3  0  0  1  4/9    15:59   0:00   4:46 
Dmitry Orlov             0  0  0  -1  0   1  4  2  2  2  0/0    23:12   0:00   3:57 
Evgeny Kuznetsov         0  0  0  -1  0   2  1  0  1  0  8/14   15:29   0:00   0:32 
Jakub Vrana              0  0  0  -1  2   0  1  0  0  0  0/1    11:22   0:00   0:00 
Jannik Hansen            0  0  0   0  0   0  0  1  0  0  0/0    13:36   0:00   4:27 
Jason Demers             0  0  0  -3  0   0  1  0  0  3  0/0    21:29   0:00   4:37 
Jay Beagle               0  0  0  -1  2   0  4  0  0  1  5/7    18:36   0:00   3:48 
John Carlson             0  0  0  -2  0   1  2  3  1  1  0/0    23:56   0:00   5:17 
Jordie Benn              0  0  0   0  0   2  2  1  0  0  0/0    19:11   0:00   5:02 
Jussi Jokinen            0  0  0   0  0   2  1  0  2  0  0/0    13:50   0:00   4:42 
Madison Bowey            0  0  0   0  2   1  2  1  0  0  0/0    17:48   0:00   0:15 
Matt Niskanen            0  0  0   0  0   1  0  0  0  0  0/0    14:27   0:00   0:42 
Nicklas Backstrom        0  0  0  -1  2   2  5  0  4  0  13/22  14:31   0:00   0:00 
Patrick Marleau          0  0  0  -1  0   2  4  0  2  0  1/1    14:48   0:00   0:00 
Ryan Carpenter           0  0  0   0  0   0  2  0  1  0  3/6     9:04   0:00   0:00 
T.J. Oshie               0  0  0  -1  2   3  4  1  0  0  1/1    14:48   0:00   0:00 

3 Stars

1 - Cory Schneider (NJD)
2 - Ben Lovejoy (NJD)
3 - Adam Henrique (NJD)

Power Play

New Jersey Devils - 0 on 5 Attempt(s) - 0.00%
Washington Capitals - 0 on 0 Attempt(s) - 0.00%

Penalty Kill

New Jersey Devils - 0 on 0 Attempt(s) - 0.00% - Score 0 goal in Penalty Kill
Washington Capitals - 5 on 5 Attempt(s) - 100.00% - Score 0 goal in Penalty Kill

Team Stat

New Jersey Devils - Hits : 32 - Faceoff Wins : 29 - Blocked Shots : 13 - Penalty Minutes : 0
Washington Capitals - Hits : 40 - Faceoff Wins : 36 - Blocked Shots : 9 - Penalty Minutes : 10

Official

Referees : Jean Hebert and Wes McCauley
Linesman : Brandon Gawryletz and Pierre Racicot

Game Notes

No Game Note

Finance

Level 1 -- Attendance: 10000 (100.00%) -- Ticket Income fr. 800'000
Level 2 -- Attendance: 2000 (100.00%) -- Ticket Income fr. 126'000
Level 3 -- Attendance: 3500 (100.00%) -- Ticket Income fr. 115'500
Level 4 -- Attendance: 1450 (100.00%) -- Ticket Income fr. 29'000
Luxury Box -- Attendance: 50 (100.00%) -- Ticket Income fr. 10'000
Game was played at the Verizon Center.
Total Attendance: 17000 (100.00%)
Total Ticket Income: fr. 1'080'500
Total Income: fr. 1'080'500

New Jersey Devils

5 vs 5 Forward 
   Center                   Left Wing                Right Wing               Time % Phy DF OF 
 1 Adam Henrique            Joakim Nordstrom         Brian Gibbons            29     0   4  1  
 2 Blake Coleman            Rick Nash                Kyle Palmieri            28     0   2  3  
 3 Nico Hischier            Miles Wood               Jesper Bratt             23     0   1  4  
 4 Brian Boyle              Benoit Pouliot           Marcus Johansson         20     0   4  1  

5 vs 5 Defense 
   Defense                  Defense                                           Time % Phy DF OF 
 1 Andy Greene              Steven Santini                                    36     0   4  1  
 2 John Moore               Ryan Pulock                                       32     0   2  3  
 3 Samuel Girard            Ben Lovejoy                                       32     0   3  2  
 4 Andy Greene              Steven Santini                                    0      1   2  2  

PowerPlay Forward 
   Center                   Left Wing                Right Wing               Time % Phy DF OF 
 1 Nico Hischier            Rick Nash                Kyle Palmieri            61     0   0  5  
 2 Marcus Johansson         Jesper Bratt             Miles Wood               39     0   0  5  

PowerPlay Defense
   Defense                  Defense                                           Time % Phy DF OF 
 1 Samuel Girard            Ryan Pulock                                       61     0   0  5  
 2 Brian Boyle              Steven Santini                                    39     0   0  5  

Penalty Kill 4 Players Forward 
   Center                   Wing                     Time % Phy DF OF 
 1 Brian Gibbons            Blake Coleman            60     0   5  0  
 2 Adam Henrique            Joakim Nordstrom         40     0   5  0  

Penalty Kill 4 Players Defense
   Defense                  Defense                  Time % Phy DF OF 
 1 Steven Santini           Andy Greene              60     0   5  0  
 2 John Moore               Ben Lovejoy              40     0   5  0  

Penalty Kill - 3 Players Forward 
   Forward                                           Time % Phy DF OF 
 1 Brian Gibbons                                     60     0   5  0  
 2 Blake Coleman                                     40     0   5  0  

Penalty Kill - 3 Players Defense
   Defense                  Defense                  Time % Phy DF OF 
 1 Steven Santini           Andy Greene              60     0   5  0  
 2 Ben Lovejoy              John Moore               40     0   5  0  

4 vs 4 Forward 
   Center                   Wing                     Time % Phy DF OF 
 1 Rick Nash                Marcus Johansson         50     0   2  3  
 2 Brian Gibbons            Kyle Palmieri            50     0   2  3  

4 vs 4 Defense
   Defense                  Defense                  Time % Phy DF OF 
 1 Andy Greene              Steven Santini           60     0   3  2  
 2 Ryan Pulock              Samuel Girard            40     0   2  3  

Last Minutes Offensive
   Center                   Left Wing                Right Wing               Defense                  Defense                  
   Adam Henrique            Rick Nash                Kyle Palmieri            Ryan Pulock              Samuel Girard            

Last Minutes Defensive
   Center                   Left Wing                Right Wing               Defense                  Defense                  
   Adam Henrique            Brian Gibbons            Blake Coleman            Andy Greene              Steven Santini           

Goaltenders
Starting : Cory Schneider           
Backup : Keith Kinkaid            

Extra Forwards
Normal : Brian Gibbons, Rick Nash, Kyle Palmieri - PP : Kyle Palmieri, Rick Nash - PK : Rick Nash
Extra Defensemen
Normal : Steven Santini, Andy Greene, Ryan Pulock - PP : Steven Santini - PK : Steven Santini, Andy Greene
Penalty Shots
Rick Nash, Kyle Palmieri, Adam Henrique, Brian Boyle, Nico Hischier
Custom OT Lines Forwards
Adam Henrique, Rick Nash, Kyle Palmieri, Brian Gibbons, Nico Hischier, Jesper Bratt, Blake Coleman, Marcus Johansson, Brian Boyle, Miles Wood
Custom OT Lines Defensemen
Ryan Pulock, Andy Greene, Steven Santini, John Moore, Samuel Girard

Scratches
Andrej Sekera (Healthy), Damon Severson (Healthy), Joshua Ho-Sang (Healthy)

Washington Capitals

5 vs 5 Forward 
   Center                   Left Wing                Right Wing               Time % Phy DF OF 
 1 Evgeny Kuznetsov         Patrick Marleau          T.J. Oshie               30     1   1  3  
 2 Nicklas Backstrom        Alex Ovechkin            Jay Beagle               30     1   1  3  
 3 Chandler Stephenson      Brett Connolly           Jakub Vrana              23     2   2  1  
 4 Ryan Carpenter           Jussi Jokinen            Jannik Hansen            17     2   2  1  

5 vs 5 Defense 
   Defense                  Defense                                           Time % Phy DF OF 
 1 John Carlson             Jason Demers                                      35     1   3  1  
 2 Dmitry Orlov             Madison Bowey                                     33     1   3  1  
 3 Matt Niskanen            Jordie Benn                                       25     1   3  1  
 4 John Carlson             Dmitry Orlov                                      7      1   3  1  

PowerPlay Forward 
   Center                   Left Wing                Right Wing               Time % Phy DF OF 
 1 Nicklas Backstrom        Alex Ovechkin            T.J. Oshie               50     0   0  5  
 2 Evgeny Kuznetsov         Jay Beagle               Jakub Vrana              50     0   0  5  

PowerPlay Defense
   Defense                  Defense                                           Time % Phy DF OF 
 1 John Carlson             Dmitry Orlov                                      50     0   1  4  
 2 Jason Demers             Matt Niskanen                                     50     0   1  4  

Penalty Kill 4 Players Forward 
   Center                   Wing                     Time % Phy DF OF 
 1 Jay Beagle               Jussi Jokinen            50     0   4  1  
 2 Chandler Stephenson      Jannik Hansen            50     0   4  1  

Penalty Kill 4 Players Defense
   Defense                  Defense                  Time % Phy DF OF 
 1 Jason Demers             Dmitry Orlov             50     1   3  1  
 2 John Carlson             Jordie Benn              50     1   3  1  

Penalty Kill - 3 Players Forward 
   Forward                                           Time % Phy DF OF 
 1 Chandler Stephenson                               50     1   4  0  
 2 Jay Beagle                                        50     1   4  0  

Penalty Kill - 3 Players Defense
   Defense                  Defense                  Time % Phy DF OF 
 1 Jason Demers             Dmitry Orlov             50     1   4  0  
 2 John Carlson             Jordie Benn              50     1   4  0  

4 vs 4 Forward 
   Center                   Wing                     Time % Phy DF OF 
 1 Nicklas Backstrom        Alex Ovechkin            50     0   1  4  
 2 Evgeny Kuznetsov         T.J. Oshie               50     0   1  4  

4 vs 4 Defense
   Defense                  Defense                  Time % Phy DF OF 
 1 Jason Demers             Dmitry Orlov             50     1   3  1  
 2 John Carlson             Jordie Benn              50     1   3  1  

Last Minutes Offensive
   Center                   Left Wing                Right Wing               Defense                  Defense                  
   Nicklas Backstrom        Alex Ovechkin            T.J. Oshie               Matt Niskanen            John Carlson             

Last Minutes Defensive
   Center                   Left Wing                Right Wing               Defense                  Defense                  
   Jay Beagle               Jannik Hansen            Chandler Stephenson      Matt Niskanen            John Carlson             

Goaltenders
Starting : Braden Holtby            
Backup : Philipp Grubauer         

Extra Forwards
Normal : Alex Ovechkin, Jannik Hansen, Nicklas Backstrom - PP : Nicklas Backstrom, Alex Ovechkin - PK : Alex Ovechkin
Extra Defensemen
Normal : Jason Demers, Dmitry Orlov, John Carlson - PP : Jordie Benn - PK : Jason Demers, John Carlson
Penalty Shots
Alex Ovechkin, Chandler Stephenson, Evgeny Kuznetsov, Nicklas Backstrom, T.J. Oshie
Custom OT Lines Forwards
Nicklas Backstrom, Alex Ovechkin, Evgeny Kuznetsov, T.J. Oshie, Jussi Jokinen, Jakub Vrana, Jay Beagle, Brett Connolly, Chandler Stephenson, Jannik Hansen
Custom OT Lines Defensemen
John Carlson, Matt Niskanen, Dmitry Orlov, Jordie Benn, Madison Bowey

Scratches
Zach Parise (Left Leg Injury)

% Time on Ice - New Jersey Devils

Lines # - Real PCT - Wanted PCT - Time Play
Normal Forward
1 - 29% - 29% - 14:20
2 - 29% - 28% - 14:36
3 - 23% - 23% - 11:21
4 - 20% - 20% - 9:48
Normal Defense
1 - 35% - 36% - 17:26
2 - 31% - 32% - 15:33
3 - 34% - 32% - 17:06
4 - 0% - 0% - 0:00
PP Forward
1 - 58% - 61% - 5:46
2 - 42% - 39% - 4:09
PP Defense
1 - 63% - 61% - 6:12
2 - 37% - 39% - 3:43
PK Forward
1 - 0% - 60%
2 - 0% - 40%
PK Defense
1 - 0% - 60%
2 - 0% - 40%
PK3 Forward
1 - 0% - 60%
2 - 0% - 40%
PK3 Defense
1 - 0% - 60%
2 - 0% - 40%
44 Forward
1 - 0% - 50%
2 - 0% - 50%
44 Defense
1 - 0% - 60%
2 - 0% - 40%
Last Minute Offensive  - 0:00
Last Minute Defensive  - 0:00
Total
Forward - 60:00
Defense - 60:00

% Time on Ice - Washington Capitals

Lines # - Real PCT - Wanted PCT - Time Play
Normal Forward
1 - 30% - 30% - 15:05
2 - 29% - 30% - 14:33
3 - 23% - 23% - 11:23
4 - 18% - 17% - 9:04
Normal Defense
1 - 34% - 35% - 17:16
2 - 36% - 33% - 17:54
3 - 27% - 25% - 13:23
4 - 3% - 7% - 1:32
PP Forward
1 - 0% - 50%
2 - 0% - 50%
PP Defense
1 - 0% - 50%
2 - 0% - 50%
PK Forward
1 - 53% - 50% - 5:18
2 - 47% - 50% - 4:37
PK Defense
1 - 49% - 50% - 4:54
2 - 51% - 50% - 5:01
PK3 Forward
1 - 0% - 50%
2 - 0% - 50%
PK3 Defense
1 - 0% - 50%
2 - 0% - 50%
44 Forward
1 - 0% - 50%
2 - 0% - 50%
44 Defense
1 - 0% - 50%
2 - 0% - 50%
Last Minute Offensive  - 0:00
Last Minute Defensive  - 0:00
Total
Forward - 60:00
Defense - 60:00

Play-by-Play

1st period


0:01 of 1st period - Evgeny Kuznetsov wins face-off versus Adam Henrique in neutral zone.
0:04 of 1st period - Slapshot by John Carlson.
0:04 of 1st period - Stopped by Cory Schneider without a rebound.
0:05 of 1st period - Adam Henrique wins face-off versus Evgeny Kuznetsov in New Jersey Devils zone.
0:12 of 1st period - Snap shot by Adam Henrique.
0:12 of 1st period - Stopped by Braden Holtby without a rebound.
0:13 of 1st period - Jay Beagle wins face-off versus Blake Coleman in Washington Capitals zone.
0:26 of 1st period - Snap shot by Kyle Palmieri.
0:26 of 1st period - Shot Misses the Net.
0:38 of 1st period - Chandler Stephenson is hit by Jesper Bratt and loses puck.
1:01 of 1st period - Snap shot by Evgeny Kuznetsov.
1:01 of 1st period - Shot Misses the Net.
1:03 of 1st period - Snap shot by Evgeny Kuznetsov.
1:03 of 1st period - Deflect By Ben Lovejoy.
1:03 of 1st period - Shot Misses the Net.
1:03 of 1st period - Puck is out of play.
1:04 of 1st period - Brian Boyle wins face-off versus Evgeny Kuznetsov in New Jersey Devils zone.
1:15 of 1st period - Snap shot by Brian Boyle.
1:15 of 1st period - Stopped by Braden Holtby with a rebound.
1:17 of 1st period - Wrist shot by Marcus Johansson.
1:17 of 1st period - Stopped by Braden Holtby with a rebound.
1:19 of 1st period - Slapshot by Steven Santini.
1:19 of 1st period - Stopped by Braden Holtby without a rebound.
1:20 of 1st period - Ryan Carpenter wins face-off versus Adam Henrique in Washington Capitals zone.
1:45 of 1st period - Matt Niskanen is hit by Blake Coleman.
2:13 of 1st period - Off-side.
2:14 of 1st period - Adam Henrique wins face-off versus Evgeny Kuznetsov in neutral zone.
2:24 of 1st period - Slapshot by Brian Gibbons.
2:24 of 1st period - Shot Blocked by T.J. Oshie.
2:28 of 1st period - Snap shot by Adam Henrique.
2:28 of 1st period - Stopped by Braden Holtby without a rebound.
2:29 of 1st period - Nicklas Backstrom wins face-off versus Brian Boyle in Washington Capitals zone.
3:40 of 1st period - Snap shot by T.J. Oshie.
3:40 of 1st period - Shot Blocked by John Moore.
4:48 of 1st period - Wrist shot by Kyle Palmieri.
4:48 of 1st period - Stopped by Braden Holtby with a rebound.
5:00 of 1st period - Wrist shot by Adam Henrique.
5:00 of 1st period - Shot Blocked by John Carlson.
5:02 of 1st period - Slapshot by Samuel Girard.
5:02 of 1st period - Shot Blocked by John Carlson.
5:15 of 1st period - Icing by Jason Demers.
5:16 of 1st period - Nicklas Backstrom wins face-off versus Benoit Pouliot in Washington Capitals zone.
5:52 of 1st period - Wrist shot by Rick Nash.
5:52 of 1st period - Stopped by Braden Holtby without a rebound.
5:53 of 1st period - Patrick Marleau wins face-off versus Adam Henrique in Washington Capitals zone.
5:53 of 1st period - Patrick Marleau is hit by Steven Santini.
6:19 of 1st period - Jay Beagle is hit by Kyle Palmieri and loses puck.
6:30 of 1st period - Wrist shot by Rick Nash.
6:30 of 1st period - Shot Misses the Net.
6:33 of 1st period - Icing by Nicklas Backstrom.
6:34 of 1st period - Nicklas Backstrom wins face-off versus Nico Hischier in Washington Capitals zone.
6:34 of 1st period - Nicklas Backstrom is hit by Miles Wood.
6:40 of 1st period - John Moore is hit by Jay Beagle and loses puck.
6:49 of 1st period - Snap shot by Nicklas Backstrom.
6:49 of 1st period - Shot Blocked by John Moore.
6:51 of 1st period - Slapshot by Jordie Benn.
6:51 of 1st period - Stopped by Cory Schneider without a rebound.
6:52 of 1st period - Adam Henrique wins face-off versus Chandler Stephenson in New Jersey Devils zone.
7:03 of 1st period - Snap shot by Brian Gibbons.
7:03 of 1st period - Stopped by Braden Holtby without a rebound.
7:04 of 1st period - Ryan Carpenter wins face-off versus Blake Coleman in Washington Capitals zone.
7:11 of 1st period - Slapshot by Kyle Palmieri.
7:11 of 1st period - Shot Blocked by Jannik Hansen.
7:17 of 1st period - Snap shot by Rick Nash.
7:17 of 1st period - Shot Misses the Net.
7:19 of 1st period - Snap shot by Blake Coleman.
7:19 of 1st period - Shot Misses the Net.
7:29 of 1st period - Patrick Marleau is hit by Miles Wood and loses puck.
7:36 of 1st period - Wrist shot by Nico Hischier.
7:36 of 1st period - Stopped by Braden Holtby without a rebound.
7:37 of 1st period - Adam Henrique wins face-off versus Chandler Stephenson in Washington Capitals zone.
8:21 of 1st period - Slapshot by Jesper Bratt.
8:21 of 1st period - Stopped by Braden Holtby with a rebound.
8:46 of 1st period - Off-side.
8:47 of 1st period - Ryan Carpenter wins face-off versus Rick Nash in neutral zone.
9:16 of 1st period - Wrist shot by Kyle Palmieri.
9:16 of 1st period - Stopped by Braden Holtby with a rebound.
9:26 of 1st period - Wrist shot by Rick Nash.
9:26 of 1st period - Shot Blocked by Dmitry Orlov.
9:28 of 1st period - Wrist shot by Kyle Palmieri.
9:28 of 1st period - Shot Misses the Net.
9:30 of 1st period - Snap shot by Rick Nash.
9:30 of 1st period - Stopped by Braden Holtby without a rebound.
9:31 of 1st period - Evgeny Kuznetsov wins face-off versus Adam Henrique in Washington Capitals zone.
9:56 of 1st period - Patrick Marleau is hit by Steven Santini and loses puck.
10:09 of 1st period - Snap shot by Evgeny Kuznetsov.
10:09 of 1st period - Shot Misses the Net.
10:11 of 1st period - Slapshot by Jordie Benn.
10:11 of 1st period - Deflect By Jesper Bratt.
10:11 of 1st period - Stopped by Cory Schneider with a rebound.
10:31 of 1st period - Snap shot by Nico Hischier.
10:31 of 1st period - Shot Misses the Net.
10:33 of 1st period - Minor Penalty to T.J. Oshie for Interference.
10:34 of 1st period - Jay Beagle wins face-off versus Nico Hischier in Washington Capitals zone.
10:34 of 1st period - Jay Beagle is hit by Kyle Palmieri.
12:17 of 1st period - Icing by Rick Nash.
12:18 of 1st period - Nico Hischier wins face-off versus Alex Ovechkin in New Jersey Devils zone.
12:33 of 1st period - Penalty to T.J. Oshie is over, T.J. Oshie is back on ice.
12:41 of 1st period - Snap shot by Brian Gibbons.
12:41 of 1st period - Deflect By Adam Henrique.
12:41 of 1st period - Stopped by Braden Holtby with a rebound.
12:43 of 1st period - Snap shot by Adam Henrique.
12:43 of 1st period - Stopped by Braden Holtby with a rebound.
12:45 of 1st period - Slapshot by Andy Greene.
12:45 of 1st period - Shot Blocked by Jordie Benn.
14:16 of 1st period - Matt Niskanen is hit by Ryan Pulock and loses puck.
14:55 of 1st period - Snap shot by Jannik Hansen.
14:55 of 1st period - Shot Blocked by Steven Santini.
15:58 of 1st period - Benoit Pouliot is hit by Jakub Vrana and loses puck.
16:09 of 1st period - Matt Niskanen is hit by Adam Henrique and loses puck.
16:31 of 1st period - Kyle Palmieri is hit by T.J. Oshie and loses puck.
16:50 of 1st period - Ben Lovejoy is hit by Nicklas Backstrom and loses puck.
17:05 of 1st period - Ben Lovejoy is hit by Brett Connolly.
17:22 of 1st period - Snap shot by Nico Hischier.
17:22 of 1st period - Stopped by Braden Holtby with a rebound.
17:24 of 1st period - Snap shot by Nico Hischier.
17:24 of 1st period - Stopped by Braden Holtby without a rebound.
17:25 of 1st period - Blake Coleman wins face-off versus Ryan Carpenter in Washington Capitals zone.
17:50 of 1st period - Wrist shot by Nico Hischier.
17:50 of 1st period - Deflect By John Carlson.
17:50 of 1st period - Shot Misses the Net.
17:50 of 1st period - Puck is out of play.
17:51 of 1st period - Nico Hischier wins face-off versus Nicklas Backstrom in Washington Capitals zone.
17:52 of 1st period - Snap shot by Jesper Bratt.
17:52 of 1st period - Shot Blocked by Madison Bowey.
17:55 of 1st period - Icing by Dmitry Orlov.
17:56 of 1st period - Nicklas Backstrom wins face-off versus Nico Hischier in Washington Capitals zone.
17:56 of 1st period - Nicklas Backstrom is hit by Jesper Bratt.
18:04 of 1st period - John Moore is hit by Jay Beagle.
18:08 of 1st period - Snap shot by Alex Ovechkin.
18:08 of 1st period - Shot Misses the Net.
18:36 of 1st period - Wrist shot by Evgeny Kuznetsov.
18:36 of 1st period - Stopped by Cory Schneider without a rebound.
18:37 of 1st period - Evgeny Kuznetsov wins face-off versus Blake Coleman in New Jersey Devils zone.
18:38 of 1st period - Wrist shot by T.J. Oshie.
18:38 of 1st period - Stopped by Cory Schneider without a rebound.
18:39 of 1st period - T.J. Oshie wins face-off versus Blake Coleman in New Jersey Devils zone.
18:39 of 1st period - T.J. Oshie is hit by Ben Lovejoy.
18:51 of 1st period - Slapshot by Evgeny Kuznetsov.
18:51 of 1st period - Shot Misses the Net.
18:53 of 1st period - Snap shot by Evgeny Kuznetsov.
18:53 of 1st period - Shot Blocked by Samuel Girard.
18:55 of 1st period - Wrist shot by Evgeny Kuznetsov.
18:55 of 1st period - Shot Blocked by Blake Coleman.
19:13 of 1st period - Snap shot by Adam Henrique.
19:13 of 1st period - Stopped by Braden Holtby without a rebound.
19:14 of 1st period - Chandler Stephenson wins face-off versus Brian Boyle in Washington Capitals zone.
19:39 of 1st period - Adam Henrique is hit by Dmitry Orlov and loses puck.
19:44 of 1st period - Wrist shot by Nicklas Backstrom.
19:44 of 1st period - Stopped by Cory Schneider with a rebound.
19:46 of 1st period - Slapshot by Matt Niskanen.
19:46 of 1st period - Stopped by Cory Schneider without a rebound.
19:47 of 1st period - Nicklas Backstrom wins face-off versus Blake Coleman in New Jersey Devils zone.
19:56 of 1st period - Wrist shot by Alex Ovechkin.
19:56 of 1st period - Deflect By Nicklas Backstrom.
19:56 of 1st period - Shot Blocked by John Moore.
19:56 of 1st period - Puck is out of play.
19:57 of 1st period - Nicklas Backstrom wins face-off versus Blake Coleman in New Jersey Devils zone.
19:58 of 1st period - Wrist shot by Alex Ovechkin.
19:58 of 1st period - Shot Blocked by Ryan Pulock.
Goals for this period are 0 for New Jersey Devils vs 0 for Washington Capitals.
Shots for this period are 17 for New Jersey Devils vs 7 for Washington Capitals.

2nd period


0:01 of 2nd period - Joakim Nordstrom wins face-off versus Nicklas Backstrom in neutral zone.
0:10 of 2nd period - Ben Lovejoy is hit by Nicklas Backstrom and loses puck.
0:27 of 2nd period - Samuel Girard is hit by John Carlson and loses puck.
1:03 of 2nd period - Minor Penalty to Jakub Vrana for Interference.
1:04 of 2nd period - Jay Beagle wins face-off versus Nico Hischier in Washington Capitals zone.
1:10 of 2nd period - Icing by Rick Nash.
1:11 of 2nd period - Nico Hischier wins face-off versus Chandler Stephenson in New Jersey Devils zone.
1:20 of 2nd period - Wrist shot by Nico Hischier.
1:20 of 2nd period - Shot Misses the Net.
2:00 of 2nd period - Snap shot by Nico Hischier.
2:00 of 2nd period - Stopped by Braden Holtby without a rebound.
2:01 of 2nd period - Marcus Johansson wins face-off versus Jay Beagle in Washington Capitals zone.
2:26 of 2nd period - Steven Santini is hit by Jordie Benn.
3:03 of 2nd period - Penalty to Jakub Vrana is over, Jakub Vrana is back on ice.
3:21 of 2nd period - Snap shot by Brian Gibbons.
3:21 of 2nd period - Deflect By Adam Henrique.
3:21 of 2nd period - Goal by Adam Henrique - New Jersey Devils : 1 - Washington Capitals : 0.
3:22 of 2nd period - Adam Henrique wins face-off versus Nicklas Backstrom in neutral zone.
3:47 of 2nd period - Jordie Benn is hit by Blake Coleman and loses puck.
3:54 of 2nd period - Wrist shot by T.J. Oshie.
3:54 of 2nd period - Stopped by Cory Schneider with a rebound.
3:56 of 2nd period - Slapshot by Dmitry Orlov.
3:56 of 2nd period - Shot Blocked by Rick Nash.
4:44 of 2nd period - Jannik Hansen is hit by Benoit Pouliot and loses puck.
4:52 of 2nd period - Icing by Dmitry Orlov.
4:53 of 2nd period - Adam Henrique wins face-off versus Ryan Carpenter in Washington Capitals zone.
4:54 of 2nd period - Wrist shot by Brian Gibbons.
4:54 of 2nd period - Stopped by Braden Holtby without a rebound.
4:55 of 2nd period - Nicklas Backstrom wins face-off versus Adam Henrique in Washington Capitals zone.
5:08 of 2nd period - Snap shot by Brian Gibbons.
5:08 of 2nd period - Shot Misses the Net.
5:10 of 2nd period - Snap shot by Brian Gibbons.
5:10 of 2nd period - Shot Misses the Net.
5:20 of 2nd period - Blake Coleman is hit by Patrick Marleau and loses puck.
6:08 of 2nd period - Jay Beagle is hit by Brian Boyle and loses puck.
7:08 of 2nd period - Wrist shot by Kyle Palmieri.
7:08 of 2nd period - Stopped by Braden Holtby without a rebound.
7:09 of 2nd period - Evgeny Kuznetsov wins face-off versus Blake Coleman in Washington Capitals zone.
7:38 of 2nd period - Wrist shot by Alex Ovechkin.
7:38 of 2nd period - Stopped by Cory Schneider without a rebound.
7:39 of 2nd period - Adam Henrique wins face-off versus Nicklas Backstrom in New Jersey Devils zone.
7:39 of 2nd period - Adam Henrique is hit by Jay Beagle.
7:59 of 2nd period - Minor Penalty to Nicklas Backstrom for Hooking.
8:00 of 2nd period - Nico Hischier wins face-off versus Jay Beagle in Washington Capitals zone.
8:01 of 2nd period - Wrist shot by Kyle Palmieri.
8:01 of 2nd period - Shot Misses the Net.
8:51 of 2nd period - Jay Beagle is hit by Marcus Johansson.
9:11 of 2nd period - Miles Wood is hit by Dmitry Orlov.
9:47 of 2nd period - Jannik Hansen is hit by Blake Coleman and loses puck.
9:52 of 2nd period - Slapshot by Blake Coleman.
9:52 of 2nd period - Shot Misses the Net.
9:59 of 2nd period - Penalty to Nicklas Backstrom is over, Nicklas Backstrom is back on ice.
10:07 of 2nd period - Wrist shot by Evgeny Kuznetsov.
10:07 of 2nd period - Stopped by Cory Schneider with a rebound.
10:30 of 2nd period - Steven Santini is hit by Dmitry Orlov and loses puck.
11:35 of 2nd period - Ben Lovejoy is hit by Jason Demers.
11:36 of 2nd period - Icing by Ben Lovejoy.
11:37 of 2nd period - Nicklas Backstrom wins face-off versus Brian Boyle in New Jersey Devils zone.
12:00 of 2nd period - John Moore is hit by Jordie Benn.
12:06 of 2nd period - Icing by T.J. Oshie.
12:07 of 2nd period - Evgeny Kuznetsov wins face-off versus Blake Coleman in Washington Capitals zone.
12:13 of 2nd period - Off-side.
12:14 of 2nd period - Blake Coleman wins face-off versus Chandler Stephenson in neutral zone.
12:14 of 2nd period - Blake Coleman is hit by Chandler Stephenson.
12:30 of 2nd period - John Carlson is hit by Kyle Palmieri and loses puck.
12:39 of 2nd period - Wrist shot by Rick Nash.
12:39 of 2nd period - Shot Misses the Net.
12:41 of 2nd period - Slapshot by Ben Lovejoy.
12:41 of 2nd period - Stopped by Braden Holtby without a rebound.
12:42 of 2nd period - Nicklas Backstrom wins face-off versus Nico Hischier in Washington Capitals zone.
13:03 of 2nd period - Minor Penalty to Madison Bowey for Holding.
13:04 of 2nd period - Jay Beagle wins face-off versus Nico Hischier in Washington Capitals zone.
13:15 of 2nd period - Wrist shot by Kyle Palmieri.
13:15 of 2nd period - Shot Misses the Net.
14:30 of 2nd period - Icing by Marcus Johansson.
14:31 of 2nd period - Jay Beagle wins face-off versus Nico Hischier in New Jersey Devils zone.
15:03 of 2nd period - Penalty to Madison Bowey is over, Madison Bowey is back on ice.
15:18 of 2nd period - Backhand shot by Patrick Marleau.
15:18 of 2nd period - Stopped by Cory Schneider without a rebound.
15:19 of 2nd period - Adam Henrique wins face-off versus Evgeny Kuznetsov in New Jersey Devils zone.
15:19 of 2nd period - Adam Henrique is hit by Patrick Marleau.
15:27 of 2nd period - Wrist shot by Ben Lovejoy.
15:27 of 2nd period - Shot Blocked by Dmitry Orlov.
15:37 of 2nd period - Ben Lovejoy is hit by Patrick Marleau and loses puck.
16:57 of 2nd period - Adam Henrique is hit by T.J. Oshie and loses puck.
17:10 of 2nd period - Slapshot by Dmitry Orlov.
17:10 of 2nd period - Shot Misses the Net.
17:12 of 2nd period - Slapshot by Dmitry Orlov.
17:12 of 2nd period - Shot Misses the Net.
17:16 of 2nd period - Snap shot by Brett Connolly.
17:16 of 2nd period - Stopped by Cory Schneider without a rebound.
17:17 of 2nd period - Brian Boyle wins face-off versus Alex Ovechkin in New Jersey Devils zone.
17:31 of 2nd period - Minor Penalty to Jay Beagle for Roughing.
17:32 of 2nd period - Alex Ovechkin wins face-off versus Nico Hischier in Washington Capitals zone.
18:00 of 2nd period - Ryan Pulock is hit by Alex Ovechkin and loses puck.
19:31 of 2nd period - Penalty to Jay Beagle is over, Jay Beagle is back on ice.
19:59 of 2nd period - Joakim Nordstrom is hit by T.J. Oshie and loses puck.
Goals for this period are 1 for New Jersey Devils vs 0 for Washington Capitals.
Shots for this period are 5 for New Jersey Devils vs 5 for Washington Capitals.

3rd period


0:01 of 3rd period - Blake Coleman wins face-off versus Nicklas Backstrom in neutral zone.
0:14 of 3rd period - Wrist shot by Alex Ovechkin.
0:14 of 3rd period - Stopped by Cory Schneider with a rebound.
0:28 of 3rd period - Wrist shot by Nico Hischier.
0:28 of 3rd period - Shot Hit the Post.
0:30 of 3rd period - Wrist shot by Nico Hischier.
0:30 of 3rd period - Shot Misses the Net.
0:32 of 3rd period - Snap shot by Nico Hischier.
0:32 of 3rd period - Goal by Nico Hischier - New Jersey Devils : 2 - Washington Capitals : 0.
0:33 of 3rd period - Nico Hischier wins face-off versus Nicklas Backstrom in neutral zone.
0:33 of 3rd period - Miles Wood is hit by Nicklas Backstrom and loses puck.
1:23 of 3rd period - Samuel Girard is hit by Madison Bowey and loses puck.
1:32 of 3rd period - Slapshot by Dmitry Orlov.
1:32 of 3rd period - Shot Misses the Net.
1:48 of 3rd period - Matt Niskanen is hit by Benoit Pouliot and loses puck.
2:28 of 3rd period - Wrist shot by Brian Gibbons.
2:28 of 3rd period - Stopped by Braden Holtby without a rebound.
2:29 of 3rd period - Adam Henrique wins face-off versus Evgeny Kuznetsov in Washington Capitals zone.
2:32 of 3rd period - Slapshot by Brian Gibbons.
2:32 of 3rd period - Shot Misses the Net.
2:34 of 3rd period - Wrist shot by Brian Gibbons.
2:34 of 3rd period - Shot Misses the Net.
2:36 of 3rd period - Wrist shot by Joakim Nordstrom.
2:36 of 3rd period - Shot Misses the Net.
2:44 of 3rd period - John Moore is hit by Evgeny Kuznetsov and loses puck.
2:51 of 3rd period - John Carlson is hit by Joakim Nordstrom and loses puck.
2:56 of 3rd period - Wrist shot by Adam Henrique.
2:56 of 3rd period - Deflect By Brian Gibbons.
2:56 of 3rd period - Shot Blocked by John Carlson.
2:56 of 3rd period - Puck is out of play.
2:57 of 3rd period - Nicklas Backstrom wins face-off versus Blake Coleman in Washington Capitals zone.
3:04 of 3rd period - Wrist shot by Alex Ovechkin.
3:04 of 3rd period - Stopped by Cory Schneider without a rebound.
3:05 of 3rd period - Nicklas Backstrom wins face-off versus Kyle Palmieri in New Jersey Devils zone.
3:16 of 3rd period - Snap shot by Nicklas Backstrom.
3:16 of 3rd period - Shot Misses the Net.
3:28 of 3rd period - Slapshot by Nicklas Backstrom.
3:28 of 3rd period - Stopped by Cory Schneider without a rebound.
3:29 of 3rd period - Chandler Stephenson wins face-off versus Nico Hischier in New Jersey Devils zone.
3:34 of 3rd period - Slapshot by John Carlson.
3:34 of 3rd period - Deflect By Jakub Vrana.
3:34 of 3rd period - Shot Blocked by John Moore.
3:34 of 3rd period - Puck is out of play.
3:35 of 3rd period - Chandler Stephenson wins face-off versus Nico Hischier in New Jersey Devils zone.
3:38 of 3rd period - Snap shot by Chandler Stephenson.
3:38 of 3rd period - Stopped by Cory Schneider without a rebound.
3:39 of 3rd period - Nico Hischier wins face-off versus Jakub Vrana in New Jersey Devils zone.
3:48 of 3rd period - Wrist shot by Chandler Stephenson.
3:48 of 3rd period - Shot Blocked by John Moore.
4:27 of 3rd period - Icing by John Moore.
4:28 of 3rd period - Nico Hischier wins face-off versus Nicklas Backstrom in New Jersey Devils zone.
4:34 of 3rd period - Ryan Pulock is hit by Madison Bowey and loses puck.
4:50 of 3rd period - Snap shot by Jesper Bratt.
4:50 of 3rd period - Stopped by Braden Holtby without a rebound.
4:51 of 3rd period - Evgeny Kuznetsov wins face-off versus Adam Henrique in Washington Capitals zone.
4:56 of 3rd period - Wrist shot by Patrick Marleau.
4:56 of 3rd period - Stopped by Cory Schneider with a rebound.
5:16 of 3rd period - Andy Greene is hit by Ryan Carpenter and loses puck.
5:27 of 3rd period - Snap shot by Adam Henrique.
5:27 of 3rd period - Shot Misses the Net.
5:29 of 3rd period - Slapshot by Ben Lovejoy.
5:29 of 3rd period - Stopped by Braden Holtby with a rebound.
5:31 of 3rd period - Wrist shot by Joakim Nordstrom.
5:31 of 3rd period - Stopped by Braden Holtby without a rebound.
5:32 of 3rd period - Blake Coleman wins face-off versus Nicklas Backstrom in Washington Capitals zone.
5:35 of 3rd period - Slapshot by Kyle Palmieri.
5:35 of 3rd period - Shot Misses the Net.
5:57 of 3rd period - Jason Demers is hit by Brian Boyle and loses puck.
6:18 of 3rd period - Snap shot by Nico Hischier.
6:18 of 3rd period - Shot Misses the Net.
6:34 of 3rd period - Wrist shot by Jussi Jokinen.
6:34 of 3rd period - Shot Blocked by Steven Santini.
6:38 of 3rd period - Wrist shot by Jussi Jokinen.
6:38 of 3rd period - Shot Blocked by Steven Santini.
6:40 of 3rd period - Wrist shot by Jannik Hansen.
6:40 of 3rd period - Deflect By Jussi Jokinen.
6:40 of 3rd period - Stopped by Cory Schneider with a rebound.
7:10 of 3rd period - Snap shot by Blake Coleman.
7:10 of 3rd period - Stopped by Braden Holtby with a rebound.
7:12 of 3rd period - Slapshot by Rick Nash.
7:12 of 3rd period - Stopped by Braden Holtby without a rebound.
7:13 of 3rd period - Brian Boyle wins face-off versus Evgeny Kuznetsov in Washington Capitals zone.
8:03 of 3rd period - Dmitry Orlov is hit by Brian Gibbons and loses puck.
8:24 of 3rd period - Wrist shot by Chandler Stephenson.
8:24 of 3rd period - Shot Misses the Net.
8:44 of 3rd period - Madison Bowey is hit by Brian Boyle and loses puck.
9:03 of 3rd period - Miles Wood is hit by Nicklas Backstrom and loses puck.
9:12 of 3rd period - Nico Hischier is hit by Nicklas Backstrom and loses puck.
9:43 of 3rd period - Marcus Johansson is hit by Chandler Stephenson and loses puck.
10:04 of 3rd period - Andy Greene is hit by T.J. Oshie and loses puck.
10:57 of 3rd period - Jesper Bratt is hit by Brett Connolly and loses puck.
11:08 of 3rd period - Brett Connolly is hit by Miles Wood and loses puck.
11:27 of 3rd period - Wrist shot by Evgeny Kuznetsov.
11:27 of 3rd period - Shot Misses the Net.
11:29 of 3rd period - Slapshot by Madison Bowey.
11:29 of 3rd period - Stopped by Cory Schneider without a rebound.
11:30 of 3rd period - Blake Coleman wins face-off versus Nicklas Backstrom in New Jersey Devils zone.
11:30 of 3rd period - Blake Coleman is hit by Alex Ovechkin.
12:02 of 3rd period - Jason Demers is hit by Steven Santini and loses puck.
12:21 of 3rd period - Patrick Marleau is hit by Blake Coleman and loses puck.
12:30 of 3rd period - Snap shot by T.J. Oshie.
12:30 of 3rd period - Stopped by Cory Schneider with a rebound.
12:50 of 3rd period - Chandler Stephenson is hit by Miles Wood and loses puck.
13:23 of 3rd period - Jannik Hansen is hit by Adam Henrique and loses puck.
14:14 of 3rd period - Miles Wood is hit by Jussi Jokinen and loses puck.
14:29 of 3rd period - Joakim Nordstrom is hit by Chandler Stephenson.
14:48 of 3rd period - Rick Nash is hit by John Carlson.
14:51 of 3rd period - Off-side.
14:52 of 3rd period - Nicklas Backstrom wins face-off versus Brian Gibbons in neutral zone.
15:17 of 3rd period - Jesper Bratt is hit by Dmitry Orlov and loses puck.
15:24 of 3rd period - Jussi Jokinen is hit by Miles Wood and loses puck.
15:39 of 3rd period - Backhand shot by Dmitry Orlov.
15:39 of 3rd period - Stopped by Cory Schneider without a rebound.
15:40 of 3rd period - Blake Coleman wins face-off versus Chandler Stephenson in New Jersey Devils zone.
16:03 of 3rd period - Rick Nash is hit by Patrick Marleau and loses puck.
16:32 of 3rd period - John Carlson is hit by Rick Nash and loses puck.
16:43 of 3rd period - Rick Nash is hit by Jay Beagle and loses puck.
16:50 of 3rd period - Slapshot by Ben Lovejoy.
16:50 of 3rd period - Goal by Ben Lovejoy - New Jersey Devils : 3 - Washington Capitals : 0.
16:51 of 3rd period - Evgeny Kuznetsov wins face-off versus Adam Henrique in neutral zone.
17:16 of 3rd period - T.J. Oshie is hit by Steven Santini and loses puck.
17:59 of 3rd period - Snap shot by Jussi Jokinen.
17:59 of 3rd period - Stopped by Cory Schneider without a rebound.
18:00 of 3rd period - Adam Henrique wins face-off versus Ryan Carpenter in New Jersey Devils zone.
18:05 of 3rd period - Ben Lovejoy is hit by Ryan Carpenter and loses puck.
18:14 of 3rd period - Snap shot by Jussi Jokinen.
18:14 of 3rd period - Shot Misses the Net.
18:32 of 3rd period - Wrist shot by Brian Gibbons.
18:32 of 3rd period - Shot Misses the Net.
18:34 of 3rd period - Slapshot by Samuel Girard.
18:34 of 3rd period - Shot Misses the Net.
18:40 of 3rd period - Snap shot by Brian Gibbons.
18:40 of 3rd period - Shot Misses the Net.
18:50 of 3rd period - Snap shot by Brian Gibbons.
18:50 of 3rd period - Deflect By Brett Connolly.
18:50 of 3rd period - Shot Misses the Net.
18:50 of 3rd period - Puck is out of play.
18:51 of 3rd period - Kyle Palmieri wins face-off versus Alex Ovechkin in Washington Capitals zone.
18:58 of 3rd period - Snap shot by Alex Ovechkin.
18:58 of 3rd period - Stopped by Cory Schneider without a rebound.
18:59 of 3rd period - Nicklas Backstrom wins face-off versus Blake Coleman in New Jersey Devils zone.
19:24 of 3rd period - Slapshot by Steven Santini.
19:24 of 3rd period - Deflect By Blake Coleman.
19:24 of 3rd period - Stopped by Braden Holtby without a rebound.
19:25 of 3rd period - Evgeny Kuznetsov wins face-off versus Brian Boyle in Washington Capitals zone.
19:25 of 3rd period - Evgeny Kuznetsov is hit by Brian Boyle.
19:31 of 3rd period - Wrist shot by John Carlson.
19:31 of 3rd period - Shot Misses the Net.
19:33 of 3rd period - Snap shot by Evgeny Kuznetsov.
19:33 of 3rd period - Shot Misses the Net.
19:35 of 3rd period - Backhand shot by T.J. Oshie.
19:35 of 3rd period - Shot Misses the Net.
19:37 of 3rd period - Slapshot by Jason Demers.
19:37 of 3rd period - Shot Blocked by Benoit Pouliot.
19:39 of 3rd period - Slapshot by John Carlson.
19:39 of 3rd period - Shot Misses the Net.
19:41 of 3rd period - Snap shot by Evgeny Kuznetsov.
19:41 of 3rd period - Shot Misses the Net.
19:52 of 3rd period - Off-side.
19:53 of 3rd period - Chandler Stephenson wins face-off versus Adam Henrique in neutral zone.
Goals for this period are 2 for New Jersey Devils vs 0 for Washington Capitals.
Shots for this period are 9 for New Jersey Devils vs 11 for Washington Capitals.